PCL
HOUSTON HAMMERTIME @ REDWOOD CITY REDWOODS
09/09/2026
 
TOP OF THE 1ST
Houston Hammertime batting - Pitching for Redwood City Redwoods : RHP Thatcher Smith
Pitching: RHP Thatcher Smith
Batting: RHB Dan Mason 0-0: Called Strike
0-1: Swinging Strike
0-2: Ball
1-2: Ground out 6-3 (Groundball, 6M)
Batting: LHB José Villegas 0-0: Foul Ball, location: 2F
0-1: Ground out 4-3 (Groundball, 4)
Batting: LHB Pat Jones 0-0: Called Strike
0-1: Ball
1-1: Foul Ball, location: 2F
1-2: Strikes out looking
Top of the 1st over - 0 run(s), 0 hit(s), 0 error(s), 0 left on base; Houston 0 - Redwood City 0
BOTTOM OF THE 1ST
Redwood City Redwoods batting - Pitching for Houston Hammertime : RHP Norberto Méndez
Pitching: RHP Norberto Méndez
Batting: RHB Bob Campbell 0-0: Called Strike
0-1: Fly out, F9 (Flyball, 9LD)
Batting: RHB Philip Burke 0-0: Ball
1-0: Swinging Strike
1-1: Called Strike
1-2: Ball
2-2: Strikes out swinging
Batting: LHB Germán Charfauros 0-0: Ground out 4-3 (Groundball, 4M)
Bottom of the 1st over - 0 run(s), 0 hit(s), 0 error(s), 0 left on base; Houston 0 - Redwood City 0
TOP OF THE 2ND
Houston Hammertime batting - Pitching for Redwood City Redwoods : RHP Thatcher Smith
Batting: RHB Moo-hyun Pak 0-0: Foul Ball, location: 2F
0-1: Ball
1-1: Swinging Strike
1-2: Fly out, F5 (Line Drive, 5L)
Batting: LHB Bartolo Villanueva 0-0: Ball
1-0: Foul Ball, location: 2F
1-1: Called Strike
1-2: Fly out, F5 (Popup, 25F)
Batting: RHB Alberto Chávez 0-0: Ground out 5-3 (Groundball, 56)
Top of the 2nd over - 0 run(s), 0 hit(s), 0 error(s), 0 left on base; Houston 0 - Redwood City 0
BOTTOM OF THE 2ND
Redwood City Redwoods batting - Pitching for Houston Hammertime : RHP Norberto Méndez
Batting: LHB Ryan Hensley 0-0: Ground out U3 (Groundball, 3)
Batting: RHB Xavier Feliciano 0-0: Called Strike
0-1: Fly out, F4 (Line Drive, 4)
Batting: LHB Paul Alexander 0-0: Ball
1-0: Foul Ball, location: 2F
1-1: Ball
2-1: Ball
3-1: Swinging Strike
3-2: SINGLE (Line Drive, 34D)
Batting: LHB Glen Martin 0-0: Called Strike
0-1: Ball
1-1: Fly out, F7 (Flyball, 7M)
Bottom of the 2nd over - 0 run(s), 1 hit(s), 0 error(s), 1 left on base; Houston 0 - Redwood City 0
TOP OF THE 3RD
Houston Hammertime batting - Pitching for Redwood City Redwoods : RHP Thatcher Smith
Batting: LHB Fernando Camacho 0-0: Ball
1-0: Ball
2-0: Called Strike
2-1: Fly out, F5 (Popup, 5F)
Batting: RHB Rafael Torres 0-0: Foul Ball, location: 2F
0-1: Ball
1-1: Ball
2-1: Foul Ball, location: 2F
2-2: Foul Ball, location: 2F
2-2: Ball
3-2: Base on Balls
Batting: RHB Domingo Matos 0-0: Swinging Strike
0-1: Foul Ball, location: 2F
0-2: Ball
1-2: Foul Ball, location: 2F
1-2: Strikes out looking
Batting: RHB Dan Mason 0-0: Ball
1-0: DOUBLE (Flyball, 78XD)
Rafael Torres to third
Runner from 3rd tries for Home, SAFE, no throw or cutoff
Batting: LHB José Villegas 0-0: Ball
1-0: Ball
2-0: Ball
3-0: Base on Balls
Batting: LHB Pat Jones 0-0: Ball
1-0: Swinging Strike
1-1: Called Strike
1-2: Ball
2-2: Ball
3-2: DOUBLE (Flyball, 8RXD)
Dan Mason scores
José Villegas to third
José Villegas scores
Batting: RHB Moo-hyun Pak 0-0: Called Strike
0-1: Ground out U3 (Groundball, 3S)
Top of the 3rd over - 3 run(s), 2 hit(s), 0 error(s), 1 left on base; Houston 3 - Redwood City 0
BOTTOM OF THE 3RD
Redwood City Redwoods batting - Pitching for Houston Hammertime : RHP Norberto Méndez
Batting: LHB Juan Hernández 0-0: Ball
1-0: Ball
2-0: Called Strike
2-1: Foul Ball, location: 2F
2-2: Ball
3-2: Foul Ball, location: 2F
3-2: Base on Balls
Batting: RHB Jesús Cuevas 0-0: SINGLE (Flyball, 8LS)
Juan Hernández to second
Batting: RHB Bob Campbell 0-0: Foul Ball, location: 2F
0-1: Foul Ball, location: 2F
0-2: Ball
1-2: Foul Ball, location: 2F
1-2: Foul Ball, location: 2F
1-2: Ball
2-2: Strikes out swinging
Batting: RHB Philip Burke 0-0: Ball
1-0: Ball
2-0: Fly out, F8 (Flyball, 8LM)
Batting: LHB Germán Charfauros 0-0: Foul Ball, location: 2F
0-1: Ball
1-1: 3-RUN HOME RUN (Line Drive, 9D), Distance : 354 ft
Batting: LHB Ryan Hensley 0-0: Ball
1-0: Called Strike
1-1: Foul Ball, location: 2F
1-2: Strikes out swinging
Bottom of the 3rd over - 3 run(s), 2 hit(s), 0 error(s), 0 left on base; Houston 3 - Redwood City 3
TOP OF THE 4TH
Houston Hammertime batting - Pitching for Redwood City Redwoods : RHP Thatcher Smith
Batting: LHB Bartolo Villanueva 0-0: Called Strike
0-1: Ball
1-1: Ball
2-1: Ball
3-1: Base on Balls
Batting: RHB Alberto Chávez 0-0: Fly out, F8 (Flyball, 8RD)
Batting: LHB Fernando Camacho Pickoff Throw to First - Out!
0-0: Ball
1-0: Called Strike
1-1: Ball
2-1: Ball
3-1: SINGLE (Groundball, 4MD)
Batting: RHB Rafael Torres 0-0: DOUBLE (Flyball, 9LM)
Fernando Camacho to third
Runner from 3rd tries for Home, SAFE, throw made at trailing runner, SAFE at third!
Batting: RHB Domingo Matos 0-0: Ball
1-0: Ball
2-0: SINGLE (Groundball, 5D)
Rafael Torres scores
Batting: RHB Dan Mason 0-0: Called Strike
Domingo Matos is caught stealing 2nd base
Top of the 4th over - 2 run(s), 3 hit(s), 0 error(s), 0 left on base; Houston 5 - Redwood City 3
BOTTOM OF THE 4TH
Redwood City Redwoods batting - Pitching for Houston Hammertime : RHP Norberto Méndez
Batting: RHB Xavier Feliciano 0-0: Swinging Strike
0-1: Ball
1-1: Called Strike
1-2: Ball
2-2: Strikes out looking
Batting: LHB Paul Alexander 0-0: Ball
1-0: Called Strike
1-1: Fly out, F9 (Flyball, 89S)
Batting: LHB Glen Martin 0-0: Foul Ball, location: 2F
0-1: SINGLE (Line Drive, 6MD)
Batting: LHB Juan Hernández 0-0: Called Strike
0-1: Ball
1-1: Ball
2-1: Foul Ball, location: 2F
2-2: Foul Ball, location: 2F
2-2: Ball
Glen Martin steals 2nd base
3-2: SINGLE (Groundball, 6M)
Glen Martin to third
Glen Martin scores
Batting: RHB Jesús Cuevas 0-0: Ball
1-0: Called Strike
1-1: Fly out, F3 (Popup, 3SF)
Bottom of the 4th over - 1 run(s), 2 hit(s), 0 error(s), 1 left on base; Houston 5 - Redwood City 4
TOP OF THE 5TH
Houston Hammertime batting - Pitching for Redwood City Redwoods : RHP Thatcher Smith
Batting: RHB Dan Mason 0-0: Ball
1-0: Called Strike
1-1: Ball
2-1: Ball
3-1: Called Strike
3-2: Foul Ball, location: 2F
3-2: Base on Balls
Batting: LHB José Villegas 0-0: Ball
1-0: Ball
2-0: Grounds into double play, 4-6-3 (Groundball, 4)
Batting: LHB Pat Jones 0-0: Called Strike
0-1: Ball
1-1: Foul Ball, location: 2F
1-2: Ball
2-2: Ball
3-2: Fly out, F7 (Flyball, 7S)
Top of the 5th over - 0 run(s), 0 hit(s), 0 error(s), 0 left on base; Houston 5 - Redwood City 4
BOTTOM OF THE 5TH
Redwood City Redwoods batting - Pitching for Houston Hammertime : RHP Norberto Méndez
Batting: RHB Bob Campbell 0-0: Foul Ball, location: 2F
0-1: Ball
1-1: Ball
2-1: Fly out, F7 (Flyball, 7LM)
Batting: RHB Philip Burke 0-0: Ball
1-0: Ball
2-0: Called Strike
2-1: DOUBLE (Line Drive, 7LM)
Batting: LHB Germán Charfauros 0-0: Called Strike
0-1: Ball
1-1: Foul Ball, location: 2F
1-2: Ball
2-2: Ball
3-2: Fly out, F5 (Popup, 5SF)
Batting: LHB Ryan Hensley 0-0: Foul Ball, location: 2F
0-1: Ground out U3 (Groundball, 3)
Bottom of the 5th over - 0 run(s), 1 hit(s), 0 error(s), 1 left on base; Houston 5 - Redwood City 4
TOP OF THE 6TH
Houston Hammertime batting - Pitching for Redwood City Redwoods : RHP Thatcher Smith
Batting: RHB Moo-hyun Pak 0-0: Swinging Strike
0-1: Ball
1-1: Ball
2-1: Ball
3-1: Foul Ball, location: 2F
3-2: Strikes out swinging
Batting: LHB Bartolo Villanueva 0-0: Ground out 6-3 (Groundball, 6M)
Batting: RHB Alberto Chávez 0-0: Swinging Strike
0-1: Ball
1-1: Swinging Strike
1-2: Ball
2-2: Foul Ball, location: 2F
2-2: Strikes out swinging
Top of the 6th over - 0 run(s), 0 hit(s), 0 error(s), 0 left on base; Houston 5 - Redwood City 4
BOTTOM OF THE 6TH
Redwood City Redwoods batting - Pitching for Houston Hammertime : RHP Norberto Méndez
Batting: RHB Xavier Feliciano 0-0: Swinging Strike
0-1: Called Strike
0-2: Ball
1-2: Strikes out swinging
Batting: LHB Paul Alexander 0-0: Ball
1-0: Ball
2-0: Ball
3-0: Called Strike
3-1: TRIPLE (Line Drive, 8RD)
Batting: LHB Glen Martin 0-0: Ground out 4-3 (Groundball, 4M)
Batting: LHB Juan Hernández 0-0: Ball
1-0: Swinging Strike
1-1: Foul Ball, location: 2F
1-2: Ball
2-2: Foul Ball, location: 2F
2-2: Ball
3-2: Base on Balls
Batting: RHB Jesús Cuevas 0-0: DOUBLE (Line Drive, 89M)
Paul Alexander scores
Juan Hernández to third
Runner from 3rd tries for Home, SAFE, no throw or cutoff
Batting: RHB Bob Campbell 0-0: Called Strike
0-1: Hit by Pitch
Pitching: RHP Andrés Rivera
Batting: RHB Philip Burke 0-0: Ground out 6-3 (Groundball, 6)
Bottom of the 6th over - 2 run(s), 2 hit(s), 0 error(s), 2 left on base; Houston 5 - Redwood City 6
TOP OF THE 7TH
Houston Hammertime batting - Pitching for Redwood City Redwoods : RHP Thatcher Smith
Pitching: RHP Steve Standard
Batting: LHB Fernando Camacho 0-0: Ball
1-0: Ball
2-0: Fly out, F9 (Flyball, 9D)
Batting: RHB Rafael Torres 0-0: Called Strike
0-1: Ball
1-1: Swinging Strike
1-2: Foul Ball, location: 2F
1-2: Foul Ball, location: 2F
1-2: Ball
2-2: Strikes out looking
Batting: RHB Domingo Matos 0-0: Ball
1-0: Ball
2-0: Called Strike
2-1: Ball
3-1: Base on Balls
Pinch Hitting: LHB Juan Cabańas 0-0: Called Strike
0-1: Foul Ball, location: 2F
0-2: Strikes out swinging
Top of the 7th over - 0 run(s), 0 hit(s), 0 error(s), 1 left on base; Houston 5 - Redwood City 6
BOTTOM OF THE 7TH
Redwood City Redwoods batting - Pitching for Houston Hammertime : RHP Andrés Rivera
Pitching: LHP Martín Reyes
Now in LF: Juan Cabańas
Batting: LHB Germán Charfauros 0-0: Called Strike
0-1: Ball
1-1: Foul Ball, location: 2F
1-2: Strikes out swinging
Pitching: RHP José Ortíz
Batting: LHB Ryan Hensley 0-0: Ball
1-0: Ball
2-0: Ball
3-0: Base on Balls
Batting: RHB Xavier Feliciano 0-0: Fly out, F8 (Flyball, 8RXD)
Pinch Hitting: LHB Jeff Tucker 0-0: Ball
1-0: Ball
2-0: Ball
3-0: Called Strike
3-1: Base on Balls
Ryan Hensley to second
Batting: LHB Glen Martin 0-0: Swinging Strike
0-1: Foul Ball, location: 2F
0-2: Foul Ball, location: 2F
0-2: Strikes out swinging
Bottom of the 7th over - 0 run(s), 0 hit(s), 0 error(s), 2 left on base; Houston 5 - Redwood City 6
TOP OF THE 8TH
Houston Hammertime batting - Pitching for Redwood City Redwoods : RHP Steve Standard
Pitching: RHP Tom Goff
Now at 1B: Carlos Gonzáles
Now in LF: Jeff Tucker
Batting: LHB José Villegas 0-0: Swinging Strike
0-1: SINGLE (Line Drive, 4D)
Pitching: LHP George Owens
Batting: LHB Pat Jones 0-0: Called Strike
0-1: Foul Ball, location: 2F
0-2: Ball
1-2: Ball
2-2: Ball
3-2: Grounds into double play, 6-4-3 (Groundball, 6)
Pitching: RHP Manuel Mora
Batting: RHB Moo-hyun Pak 0-0: Ball
1-0: Swinging Strike
1-1: Foul Ball, location: 2F
1-2: Strikes out swinging
Top of the 8th over - 0 run(s), 1 hit(s), 0 error(s), 0 left on base; Houston 5 - Redwood City 6
BOTTOM OF THE 8TH
Redwood City Redwoods batting - Pitching for Houston Hammertime : RHP José Ortíz
Batting: LHB Juan Hernández 0-0: Ball
1-0: Swinging Strike
1-1: Ground out 3-1 (Groundball, 34)
Batting: RHB Jesús Cuevas 0-0: Foul Ball, location: 2F
0-1: Foul Ball, location: 2F
0-2: Fly out, F8 (Line Drive, 8RS)
Batting: RHB Bob Campbell 0-0: Ground out 6-3 (Groundball, 6)
Bottom of the 8th over - 0 run(s), 0 hit(s), 0 error(s), 0 left on base; Houston 5 - Redwood City 6
TOP OF THE 9TH
Houston Hammertime batting - Pitching for Redwood City Redwoods : RHP Manuel Mora
Pitching: RHP Manny Maldonado
Batting: LHB Bartolo Villanueva 0-0: Ball
1-0: Called Strike
1-1: Ball
2-1: Ball
3-1: Called Strike
3-2: Base on Balls
Batting: RHB Alberto Chávez 0-0: Called Strike
0-1: SINGLE (Line Drive, 4MD)
Bartolo Villanueva to second
Batting: LHB Fernando Camacho 0-0: Called Strike
0-1: Bunted foul
0-2: 3-RUN HOME RUN (Flyball, 9LD), Distance : 317 ft
Pitching: RHP Ron Williams
Batting: RHB Rafael Torres 0-0: Foul Ball, location: 2F
0-1: Ball
1-1: Fly out, F2 (Popup, 2RF)
Batting: RHB Domingo Matos 0-0: Ball
1-0: Called Strike
1-1: Ball
2-1: Foul Ball, location: 2F
2-2: Ball
3-2: Ground out 6-3 (Groundball, 56D)
Batting: LHB Juan Cabańas 0-0: Ball
1-0: Swinging Strike
1-1: Swinging Strike
1-2: Ball
2-2: Ball
3-2: Base on Balls
Batting: LHB José Villegas 0-0: Called Strike
0-1: Ground out 4-3 (Groundball, 4)
Top of the 9th over - 3 run(s), 2 hit(s), 0 error(s), 1 left on base; Houston 8 - Redwood City 6
BOTTOM OF THE 9TH
Redwood City Redwoods batting - Pitching for Houston Hammertime : RHP José Ortíz
Pitching: RHP Brandon Williams
Batting: RHB Philip Burke 0-0: DOUBLE (Line Drive, 8LM)
Batting: LHB Germán Charfauros 0-0: Ball
1-0: Ball
2-0: Ground out 4-3 (Groundball, 34)
Philip Burke to third
Pinch Hitting: RHB Anastasio García 0-0: Foul Ball, location: 2F
0-1: Ball
1-1: Foul Ball, location: 2F
1-2: Fly out, F7 (Flyball, 78M)
Runner from 3rd tags up, SCORES, throw made
Batting: RHB Xavier Feliciano 0-0: Called Strike
0-1: Ball
1-1: Ball
2-1: Ground out U3 (Groundball, 3L)
Bottom of the 9th over - 1 run(s), 1 hit(s), 0 error(s), 0 left on base; Houston 8 - Redwood City 7
Monday, December 5th, 2016 - OOTP Baseball 17.12 Build 75